 Dungeon Crawl Stone Soup version 0.26-a0-540-g8a0c9464d7 (webtiles) character file.

Game seed: 15912841660831619016

76 ANON1729 the Sneak (level 4, -2/27 HPs)
             Began as a Kobold Brigand on Aug 15, 2020.
             Killed by nerve-wracking pain
             ... invoked by a shadow imp
             ... summoned by Natasha
              (5 damage)
             ... on level 2 of the Dungeon.
             The game lasted 00:01:58 (1355 turns).

ANON1729 the Sneak (Kobold Brigand)                 Turns: 1355, Time: 00:01:59

Health: -2/27      AC:  0    Str:  8    XL:     4   Next: 57%
Magic:  4/4        EV: 15    Int: 12    God:
Gold:   87         SH:  0    Dex: 17    Spells: 3/3 levels left

rFire    . . .     SeeInvis .   (weapon currently unavailable)
rCold    . . .     Faith    .   (shield currently unavailable)
rNeg     . . .     Spirit   .   (armour currently unavailable)
rPois    .         Reflect  .   (helmet currently unavailable)
rElec    .         Harm     .   (cloak currently unavailable)
rCorr    .                      (gloves currently unavailable)
MR       .....                  (boots currently unavailable)
Stlth    ++++......             (no amulet)
HPRegen  0.09/turn              (ring currently unavailable)
MPRegen  0.09/turn              (ring currently unavailable)

@: pig-form (expiring), slowed
A: small, nightstalker 3
a: no special abilities


You were on level 2 of the Dungeon.
You were a filthy swine.
You visited 1 branch of the dungeon, and saw 2 of its levels.

You collected 87 gold pieces.

Inventory:

Hand Weapons
 a - a +2 dagger (melded)
Missiles
 d - 20 poisoned darts
 e - a curare-tipped dart (quivered)
Armour
 b - a +0 robe (melded)
 c - a +0 cloak (melded)
 n - a +1 pair of gloves (melded)
Scrolls
 g - 2 scrolls of teleportation {unknown}
 i - a scroll of immolation {unknown}
 l - a scroll of blinking {unknown}
 m - 3 scrolls of remove curse {unknown}
 o - a scroll of identify {unknown}
Potions
 f - 2 potions of stabbing {unknown}
 h - 3 potions of curing {unknown}
 j - a potion of cancellation {unknown}
 k - a potion of brilliance {unknown}
 p - 2 potions of degeneration {unknown}
 q - a potion of lignification {unknown}


   Skills:
 + Level 2.7 Fighting
 * Level 3.8 Short Blades
 + Level 2.6 Throwing
 + Level 2.1 Dodging
 * Level 6.2 Stealth


You had 3 spell levels left.
You didn't know any spells.
Your spell library was empty.

Dungeon Overview and Level Annotations

Branches:
Dungeon (2/15)

Altars:

Annotations:
D:2 Natasha


Innate Abilities, Weirdness & Mutations

You are small and have problems with some larger weapons.
You are completely attuned to the shadows.


Message History

Natasha is heavily wounded.
Natasha completely misses you.
You barely miss Natasha.
Natasha is heavily wounded.
Natasha mumbles some strange words.
Natasha claws you.
Your transformation is almost over.
Natasha casts a spell at you. The magic dart hits you!
The shadow imp gestures at you. Pain shoots through your body!
* * * LOW HITPOINT WARNING * * *
You aren't carrying any items that you can evoke.
Unknown command.
Natasha stares at you and mumbles some strange words.
You feel as though you will be slow longer.
Natasha zaps a wand.
You resist with some effort. The shadow imp gestures at you.
Pain shoots through your body!
You die...

#..# #.######.......###
#### ######.#
#....<...###.###
...(.'.###..########..#
.....'......#######..##
.....'..##.###......##
######.###.###.#.####
#...# #.#.<.#..## #.#.#
#....#....## #.#.#
#..#...h♣..#
#.#.##..##...P...# #.
.##..####....########
... ##..5.......## ###
##).........## #..
#..h........# #.#
####......#.# #.#
#..#.##..###.#
#...#........#


You could see a shadow imp (summoned).

Vanquished Creatures
  Natasha (D:2)
  2 adders (D:2)
  3 dart slugs
  3 goblins
  3 hobgoblins (D:2)
  4 kobolds
  2 ball pythons (D:2)
  4 bats
  A frilled lizard (D:2)
  5 rats
28 creatures vanquished.

Notes
Turn   | Place    | Note
-------+----------+-------------------------------------------
     0 | D:1      | ANON1729 the Kobold Brigand began the quest for the Orb.
     0 | D:1      | Reached XP level 1. HP: 12/12 MP: 1/1
   425 | D:1      | Reached XP level 2. HP: 17/17 MP: 2/2
   880 | D:2      | Reached XP level 3. HP: 22/22 MP: 3/3
  1005 | D:2      | Noticed Natasha
  1011 | D:2      | Killed Natasha
  1011 | D:2      | Reached skill level 6 in Stealth
  1011 | D:2      | Reached XP level 4. HP: 24/27 MP: 4/4
  1337 | D:2      | Noticed Natasha
  1355 | D:2      | Killed from afar by a shadow imp

Illustrated notes

Levels and vault maps discovered:
D:1:      elethiomel_arrival_infinity_welcomes_careful_drivers, layout_basic
D:2:      layout_rooms, minmay_misc_feat_square, small_statue_intersection,
          minmay_misc_feat_iff, serial_park_tiny_1, kennysheep_cluttered_room,
          kennysheep_cross_bottleneck, uniq_natasha

Skill      XL: |  1  2  3 |
---------------+----------+-----
Short Blades   | 3 |  3.8
Dodging        | 2 |  2.1
Stealth        | 6 |  6.2
Fighting       | |  2.7
Throwing       | |  2.6

Action                   |  1- 3 |  4- 6 || total
-------------------------+-------+-------++-------
Melee: Dagger            |    29 |    19 ||    48
       Unarmed           |       |     5 ||     5
Throw: Dart              |     6 |     1 ||     7
 Stab: Sleeping          |    15 |     3 ||    18
Armor: Robe              |     1 |       ||     1
Dodge: Dodged            |    12 |    12 ||    24

Table legend: (Time is in decaauts)
 A = Elapsed time spent in this place.
 B = Non-inter-level travel time spent in this place.
 C = Inter-level travel time spent in this place.
 D = Time resting spent in this place.
 E = Time spent auto-exploring this place.
 F = Levels seen in this place.
 G = Mean time per level.
                   A        B        C        D        E       F      G
               +--------+--------+--------+--------+--------+-----+--------+
         Total |   1348 |   1321 |     27 |    162 |    995 |   2 |  674.0 |
       Dungeon |   1348 |   1321 |     27 |    162 |    995 |   2 |  674.0 |
               +--------+--------+--------+--------+--------+-----+--------+

Top non-repeatable levels by time:
     D:1: 864 daAuts
     D:2: 484 daAuts
